[Event "GER-ch Youth U16W 2020"]
[Site "Willingen"]
[Date "2020.10.24"]
[Round "7.9"]
[White "Kalina, Lena"]
[Black "Schwegler, Jelena"]
[Result "1/2-1/2"]
[ECO "A16"]
[WhiteElo "1561"]
[BlackElo "1539"]
[Annotator "NA RC"]
[PlyCount "71"]
[EventDate "2020.10.20"]
[EventType "swiss"]
[EventRounds "7"]
[EventCountry "GER"]
[SourceTitle "playchess.com"]
[Source "ChessBase"]
[SourceQuality "1"]
[TimeControl "40/5400+30:1800+30"]

1. c4 Nf6 2. Nc3 g6 3. g3 c5 4. Bg2 Bg7 5. e4 Nc6 6. Nge2 O-O 7. d3 d6 8. O-O Ne8 9. Be3 f5 10. exf5 Bxf5 11. d4 cxd4 12. Nxd4 Qd7 13. Nde2 Bh3 14. Qd2 Bxg2 15. Kxg2 Qg4 16. f4 Nf6 17. Rae1 Rac8 18. b3 a6 19. Bb6 Kh8 20. Nd4 Nxd4 21. Bxd4 Rce8 22. Nd5 e5 23. fxe5 Nxd5 24. cxd5 Rxf1 25. Rxf1 Qe4+ 26. Kg1 Qxd5 27. Bc3 Qxd2 28. Bxd2 dxe5 29. Rf7 Rd8 30. Bg5 Rd1+ 31. Kf2 Ra1 32. Rxb7 Rxa2+ 33. Kf3 Kg8 34. Rb8+ Kf7 35. Rb7+ Kf8 36. Rb8+ 1/2-1/2

[Event "GER-ch Youth U16W 2020"]
[Site "Willingen"]
[Date "2020.10.24"]
[Round "7.10"]
[White "Dohon, Maria-Johanna"]
[Black "Cheredzhiyska, Iva"]
[Result "1-0"]
[ECO "D02"]
[WhiteElo "1536"]
[BlackElo "1674"]
[Annotator "NA RC"]
[PlyCount "111"]
[EventDate "2020.10.20"]
[EventType "swiss"]
[EventRounds "7"]
[EventCountry "GER"]
[SourceTitle "playchess.com"]
[Source "ChessBase"]
[SourceQuality "1"]
[TimeControl "40/5400+30:1800+30"]

1. d4 d5 2. Nf3 e6 3. g3 Nf6 4. Bg2 Be7 5. O-O O-O 6. c4 c6 7. Qc2 b6 8. Nbd2 Bb7 9. Rd1 Na6 10. a3 c5 11. dxc5 Nxc5 12. b4 Nce4 13. Nxe4 Nxe4 14. Bb2 Rc8 15. Rac1 Ba6 16. b5 Bxb5 17. Qb1 Bxc4 18. e3 Bf6 19. Ne5 Bxe5 20. Bxe5 Nd6 21. Qb4 Rc6 22. e4 a5 23. Qa4 Bb5 24. Qb3 Rxc1 25. Rxc1 Bc4 26. Qd1 Nb7 27. Qg4 g6 28. h4 f5 29. exf5 Rxf5 30. Bd4 Nc5 31. h5 Rg5 32. Qh4 Nb7 33. hxg6 Rxg6 34. Qf4 Qg5 35. Qb8+ Nd8 36. Be3 Qf6 37. Bxb6 Qf8 38. Qxd8 a4 39. Qxf8+ Kxf8 40. Bc5+ Ke8 41. Rb1 Bb3 42. Kf1 Kd7 43. Ke2 e5 44. Rh1 Rg7 45. Rh6 e4 46. Bh3+ Kc7 47. Ke3 Rf7 48. Bg4 Bc4 49. Kd2 Kb7 50. Kc3 Ka8 51. Rb6 Rc7 52. Kd4 Rf7 53. Ke5 Rc7 54. Kd6 Rg7 55. Bd1 Ka7 56. Rb4+ 1-0